 Dungeon Crawl Stone Soup version 0.24-a0-618-ge4662a2d14 (webtiles) character file.

Game seed: 1831503489592742077, levelgen mode: deterministic

30032 MordorOrchid the Destroyer (level 13, -8/98 HPs)
             Began as a Gnoll Conjurer on Sept 16, 2019.
             Was a High Priest of Sif Muna.
             Killed by an exploding fulminant prism (23 damage)
             ... created by the player character
             ... on level 14 of the Dungeon.
             The game lasted 01:50:33 (11924 turns).

MordorOrchid the Destroyer (Gnoll Conjurer)        Turns: 11924, Time: 01:50:34

Health: -8/98      AC:  9    Str: 10    XL:     13   Next: 49%
Magic:  2/26       EV:  7    Int: 25    God:    Sif Muna [*****.]
Gold:   103        SH: 29    Dex: 20    Spells: 2/31 levels left

rFire    + . .     SeeInvis .   j - +1 hand crossbow (venom)
rCold    + + +     Gourm    .   V - +18 shield of the Gong {rElec rN+ MR+ EV-5}
rNeg     + . .     Faith    .   l - +2 ring mail {rC+}
rPois    .         Spirit   .   R - +0 helmet
rElec    +         Reflect  .   W - scarf {rC+ rF+}
rCorr    .         Harm     .   f - +0 pair of gloves
MR       +....                  (no boots)
Stlth    ++++......             (no amulet)
HPRegen  0.26/turn              e - ring "Ycokekk" {+Fly rC+ Int+3 Dex+3 Slay+3}
MPRegen  0.20/turn              N - -2 ring of protection (curse)

@: grasped by roots, constricted
A: distributed training, fangs 1, strong nose
a: Channel Magic, Forget Spell, Divine Exegesis, Renounce Religion, Evoke Flight


You were on level 14 of the Dungeon.
You worshipped Sif Muna.
Sif Muna was extremely pleased with you.
You were not hungry.

You visited 2 branches of the dungeon, and saw 15 of its levels.

You collected 778 gold pieces.
You spent 675 gold pieces at shops.

Inventory:

Hand Weapons
 a - a +4 scimitar of flaming
 j - a +1 hand crossbow of venom (weapon)
 p - a +2 trident of freezing
 t - a +2 dagger of draining
 y - a +3 dagger of venom
Missiles
 d - 20 boomerangs
 i - 4 curare-tipped darts (quivered)
 r - a throwing net
 A - 39 bolts
 X - 8 atropa-tipped darts
Armour
 f - a +0 pair of gloves (worn)
 l - a +2 ring mail of cold resistance (worn)
 H - a +3 buckler of protection
 R - a +0 helmet (worn)
 V - the +18 shield of the Gong (worn) {rElec rN+ MR+ EV-5}
   (You found it on level 9 of the Dungeon)

   It affects your evasion (-5).
   It insulates you from electricity.
   It protects you from negative energy.
   It affects your resistance to hostile enchantments.
 W - a scarf of resistance (worn)
Magical Staves
 b - an uncursed staff of cold
 J - an uncursed staff of conjuration
Jewellery
 e - the ring "Ycokekk" (left hand) {+Fly rC+ Int+3 Dex+3 Slay+3}
   (You took it off a boggart on level 9 of the Dungeon)

   [ring of flight]

   It affects your intelligence (+3).
   It affects your dexterity (+3).
   It affects your accuracy and damage with ranged weapons and melee attacks
   (+3).
   It protects you from cold.
   It lets you fly.
 v - an uncursed ring of poison resistance
 x - a +4 ring of evasion
 z - the ring "Arimysun" {rF+ MP+9}
   (You took it off a skeletal warrior on level 9 of the Dungeon)

   [ring of protection from fire]

   It protects you from fire.
   It affects your magic capacity (+9).
 G - the ring of the Philosopher {+Blink rN+}
   (You found it on level 9 of the Dungeon)

   [ring of positive energy]

   It protects you from negative energy.
   It lets you blink.
 N - a cursed -2 ring of protection (right hand)
 S - an uncursed ring of protection from magic
Wands
 k - a wand of polymorph (1)
 q - a wand of scattershot (4)
 K - a wand of clouds (5)
 L - a wand of acid (3)
 Q - a wand of flame (30)
 Y - a wand of iceblast (38)
Scrolls
 u - 6 scrolls of teleportation
 w - 2 scrolls of fog
 B - a scroll of blinking
 M - 3 scrolls of magic mapping
 O - 3 scrolls of identify
 U - a scroll of immolation
Potions
 g - 3 potions of brilliance
 h - a potion of berserk rage
 m - 4 potions of lignification
 n - a potion of flight
 s - 2 potions of might
 C - 3 potions of heal wounds
 D - a potion of haste
 E - 2 potions of magic
 F - 3 potions of invisibility
 I - 4 potions of agility
 P - a potion of cancellation
 T - 3 potions of curing
Miscellaneous
 o - a lightning rod (4/4)
Comestibles
 c - 23 rations


   Skills:
 + Level 8.2 Fighting
 + Level 8.2 Short Blades
 + Level 8.2 Long Blades
 + Level 8.2 Axes
 + Level 8.2 Maces & Flails
 + Level 8.2 Polearms
 + Level 8.2 Staves
 + Level 8.2 Slings
 + Level 8.2 Bows
 + Level 8.2 Crossbows
 + Level 8.2 Throwing
 + Level 8.2 Armour
 + Level 9.4 Dodging
 + Level 9.2 Stealth
 + Level 8.2 Shields
 + Level 8.2 Unarmed Combat
 + Level 9.6 Spellcasting
 + Level 9.9 Conjurations
 + Level 6.8 Hexes
 + Level 6.8 Charms
 + Level 6.8 Summonings
 + Level 6.8 Necromancy
 + Level 6.8 Translocations
 + Level 6.8 Transmutations
 + Level 6.8 Fire Magic
 + Level 6.8 Ice Magic
 + Level 6.8 Air Magic
 + Level 6.8 Earth Magic
 + Level 6.8 Poison Magic
 + Level 9.0 Invocations
 + Level 8.2 Evocations


You had 2 spell levels left.
You knew the following spells:

 Your Spells              Type           Power        Failure   Level  Hunger
a - Magic Dart            Conj           ####         1%          1    None
b - Searing Ray           Conj           ######       1%          2    None
c - Conjure Flame         Conj/Fire      ######..     2%          3    None
d - Dazzling Spray        Conj/Hex       ######       2%          3    None
e - Sticky Flame          Conj/Fire      ######..     9%          4    #......
f - Iskenderun's Mystic   Conj           ######..     4%          4    #......
g - Mephitic Cloud        Conj/Pois/Air  ######..     3%          3    None
i - Force Lance           Conj/Tloc      ######..     9%          4    #......
A - Confusing Touch       Hex            #####.       1%          1    None
J - Fulminant Prism       Conj/Hex       ######....   9%          4    #......

Your spell library contained the following spells:

 Spells                   Type           Power        Failure   Level  Hunger
 Beastly Appendage        Tmut           #####.       1%          1    None
 Corona                   Hex            #####..      1%          1    None
 Sting                    Conj/Pois      ####         1%          1    None
 Summon Small Mammal      Summ           ####         1%          1    None
 Blink                    Tloc           N/A          2%          2    None
 Call Imp                 Summ           #####...     2%          2    None
 Slow                     Hex            #####...     2%          2    None
 Song of Slaying          Chrm           #####...     2%          2    None
 Static Discharge         Conj/Air       ######..     2%          3    None
 Call Canine Familiar     Summ           #####...     4%          3    None
 Confuse                  Hex            #####...     4%          3    None
 Gell's Gravitas          Tloc           #####.....   4%          3    None
 Recall                   Summ/Tloc      N/A          4%          3    None
 Spider Form              Tmut/Pois      #####.....   4%          3    None
 Summon Guardian Golem    Hex/Summ       #####...     4%          3    None
 Throw Icicle             Conj/Ice       ######..     9%          4    #......
 Ice Form                 Ice/Tmut       #####...     16%         4    #......
 Petrify                  Tmut/Erth      #####...     16%         4    #......
 Venom Bolt               Conj/Pois      ######....   24%         5    ####...
 Alistair's Intoxication  Tmut/Pois      #####...     41%         5    ####...
 Metabolic Englaciation   Hex/Ice        #####.....   41%         5    ####...
 Summon Demon             Summ           #####.....   41%         5    ####...
 Yara's Violent Unravell  Hex/Tmut       #####.....   41%         5    ####...
 Freezing Cloud           Conj/Ice/Air   ######....   86%         6    ######.
 Deflect Missiles         Chrm/Air       #####.....   94%         6    ######.
 Spellforged Servitor     Conj/Summ      ######....   100%        7    #######
 Chain Lightning          Conj/Air       ######....   100%        8    #######


Dungeon Overview and Level Annotations

Branches:
Dungeon (14/15)            Temple (1/1) D:5            Lair (0/6) D:9
    Orc (0/2) D:9
 Vaults: D:13-14

Altars:
Ashenzari
Dithmenos
Elyvilon
Fedhas
Gozag
Hepliaklqana
Kikubaaqudgha
Okawaru
Qazlal
Ru
Sif Muna
Trog
Uskayaw
Vehumet
Wu Jian
Xom
The Shining One

Shops:
D:7 !   D:10 }=}

Annotations:
D:3 2 transporters, mortelune's ghost, amateur DsGl
D:14 Jorgrun


Innate Abilities, Weirdness & Mutations

Your experience applies equally to all skills.
You have very sharp teeth.
Your uncanny sense of smell can sniff out nearby items.


Message History

The roots' grasp on you weakens, but your attempt to escape fails.
Jorgrun gestures at you while chanting.
The metal wall shatters!
The blast of metal fragments hits you!!
* * * LOW HITPOINT WARNING * * *
x2 The grasping roots constrict you!
Your fulminant prism crackles loudly.
The basilisk closely misses you.
You feel much better.
* * * LOW HITPOINT WARNING * * *
The grasping roots constrict you!
A manticore comes into view.
The basilisk gazes at you. You resist with almost no effort.
Your fulminant prism explodes!
The blast of energy engulfs the basilisk!!
The basilisk is severely wounded.
The blast of energy engulfs Jorgrun!
Jorgrun is almost dead.
The blast of energy engulfs you!!
You die...

#................_....
#####......#.#.#...#.#
#......#.#.##.##.#
#......#.#...... #
..#......#.####.###
......(..#.. #####(.###
# #..# # #@.# # #l.# #
∆ ∆ #..# # #g.#...#
#### #..#######p.#...#
.... ...(((g[.[).#...#
... ....(((*.H..#...# #
#(5#######'##...###+###
# #..'(..
#..#.........#


You could see Jorgrun, an ironheart preserver, a manticore and a basilisk shaped
shifter.

Vanquished Creatures
  Gastronok (D:10)
  Snorg (D:10)
  2 hydras
  A centaur warrior (D:13)
  Erica (D:10)
  4 two-headed ogres
  Sonja (D:10)
  A skeletal warrior (D:9)
  3 unseen horrors
  A wolf spider zombie (D:12)
  A deep elf mage (D:14)
  5 ugly things
  2 cyclopes
  A manticore (D:9)
  A centaur zombie (D:12)
  3 centaur skeletons
  2 gargoyles
  4 trolls
  A blink frog (D:12)
  3 hippogriffs
  2 shadows (D:13)
  Sigmund (D:5)
  10 yaks
  2 wraiths (D:13)
  A vampire (D:8)
  A wyvern (D:12)
  A basilisk (D:14)
  5 humans (D:8)
  2 hungry ghosts
  An acid dragon (D:14)
  A soldier ant (D:9)
  5 sky beasts
  2 ice beasts
  6 orc warriors
  3 eyes of draining
  A black bear (D:10)
  2 boggarts (D:9)
  3 phantoms
  2 wolves (D:9)
  10 ogres
  10 centaurs
  A crocodile (D:11)
  7 bullfrogs
  2 big kobolds
  7 scorpions
  10 killer bees
  16 wights
  3 howler monkeys
  2 electric eels (D:9)
  9 crimson imps
  3 bullfrog zombies
  12 hounds
  A quasit (D:8)
  4 jellies
  10 orc priests
  2 gnoll shamans
  14 orc wizards
  A bullfrog skeleton (D:10)
  6 iguanas
  Ijyb (D:3)
  9 worker ants
  A hound skeleton (D:4)
  2 worker ant zombies
  15 gnolls
  12 adders
  2 shadow imps
  2 adder skeletons (D:9)
  5 worms
  4 dart slugs
  3 leopard geckos
  62 orcs
  10 bats
  6 giant cockroaches
  14 goblins
  6 hobgoblins
  7 jackals
  14 kobolds
  5 quokkas
  2 ball pythons
  9 frilled lizards
  A jackal skeleton (D:8)
  A jackal zombie (D:9)
  2 leopard gecko skeletons
  9 rats
424 creatures vanquished.

Vanquished Creatures (others)
  41 fulminant prisms
41 creatures vanquished.

Grand Total: 465 creatures vanquished

Notes
Turn   | Place    | Note
-------+----------+-------------------------------------------
     0 | D:1      | MordorOrchid the Gnoll Conjurer began the quest for the
                  | Orb.
     0 | D:1      | Reached XP level 1. HP: 13/13 MP: 6/6
    45 | D:1      | Reached XP level 2. HP: 11/19 MP: 1/7
    51 | D:1      | Learned a level 2 spell: Searing Ray
   520 | D:1      | Reached XP level 3. HP: 19/25 MP: 2/9
   525 | D:1      | Learned a level 3 spell: Dazzling Spray
   537 | D:1      | Reached skill level 5 in Spellcasting
   809 | D:2      | Reached skill level 1 in Invocations
   865 | D:2      | Reached skill level 1 in Fighting
   865 | D:2      | Reached skill level 1 in Short Blades
   865 | D:2      | Reached skill level 1 in Long Blades
   865 | D:2      | Reached skill level 1 in Axes
   865 | D:2      | Reached skill level 1 in Maces & Flails
   865 | D:2      | Reached skill level 1 in Polearms
   865 | D:2      | Reached skill level 1 in Staves
   865 | D:2      | Reached skill level 1 in Slings
   865 | D:2      | Reached skill level 1 in Bows
   865 | D:2      | Reached skill level 1 in Crossbows
   865 | D:2      | Reached skill level 1 in Throwing
   865 | D:2      | Reached skill level 1 in Armour
   865 | D:2      | Reached skill level 1 in Shields
   865 | D:2      | Reached skill level 1 in Unarmed Combat
   865 | D:2      | Reached skill level 1 in Evocations
   865 | D:2      | Reached XP level 4. HP: 32/32 MP: 3/11
   982 | D:2      | Found a glowing silver altar of Zin.
   984 | D:2      | Found a blossoming altar of Fedhas.
   984 | D:2      | Found a glowing golden altar of the Shining One.
   986 | D:2      | Found a shimmering altar of Xom.
   986 | D:2      | Found a sacrificial altar of Ru.
   986 | D:2      | Found a stormy altar of Qazlal.
  1257 | D:2      | Reached skill level 1 in Hexes
  1257 | D:2      | Reached skill level 1 in Charms
  1257 | D:2      | Reached skill level 1 in Summonings
  1257 | D:2      | Reached skill level 1 in Necromancy
  1257 | D:2      | Reached skill level 1 in Translocations
  1257 | D:2      | Reached skill level 1 in Transmutations
  1257 | D:2      | Reached skill level 1 in Fire Magic
  1257 | D:2      | Reached skill level 1 in Ice Magic
  1257 | D:2      | Reached skill level 1 in Air Magic
  1257 | D:2      | Reached skill level 1 in Earth Magic
  1257 | D:2      | Reached skill level 1 in Poison Magic
  1517 | D:2      | Reached XP level 5. HP: 37/37 MP: 8/12
  1523 | D:2      | Learned a level 4 spell: Iskenderun's Mystic Blast
  1731 | D:3      | Noticed Ijyb
  1742 | D:3      | Killed Ijyb
  1825 | D:3      | Found a transporter.
  1825 | D:3      | Noticed mortelune's ghost (amateur DsGl)
  1850 | D:3      | Found a transporter.
  2429 | D:4      | Noticed a phantom
  2475 | D:3      | Killed a phantom
  2475 | D:3      | Reached XP level 6. HP: 28/44 MP: 0/14
  2560 | D:4      | Reached skill level 5 in Dodging
  2566 | D:4      | Learned a level 4 spell: Fulminant Prism
  2725 | D:4      | Reached XP level 7. HP: 50/50 MP: 3/15
  2733 | D:4      | You fall into a shaft and drop 1 floor!
  2733 | D:5      | Entered Level 5 of the Dungeon
  2895 | D:5      | Found a staircase to the Ecumenical Temple.
  2915 | Temple   | Entered the Ecumenical Temple
  2951 | Temple   | Became a worshipper of Sif Muna the Loreminder
  3264 | D:5      | Reached skill level 5 in Stealth
  3441 | D:5      | Noticed Sigmund
  3451 | D:5      | Killed Sigmund
  3451 | D:5      | Reached XP level 8. HP: 48/57 MP: 10/16
  3649 | D:5      | Learned a level 4 spell: Force Lance
  3697 | D:6      | Reached * piety under Sif Muna
  3760 | D:6      | Found an ornate altar of the Wu Jian Council.
  3846 | D:6      | Found a sacrificial altar of Ru.
  3846 | D:6      | Found a blossoming altar of Fedhas.
  4363 | D:7      | Reached ** piety under Sif Muna
  4440 | D:7      | Found Abaser's Distillery.
  4493 | D:7      | Reached XP level 9. HP: 65/65 MP: 3/18
  4497 | D:7      | Bought a potion of heal wounds for 75 gold pieces
  4497 | D:7      | Bought a potion of brilliance for 60 gold pieces
  4497 | D:7      | Bought a potion of haste for 150 gold pieces
  4497 | D:7      | Bought a potion of might for 60 gold pieces
  4540 | D:7      | Learned a level 1 spell: Confusing Touch
  5087 | D:8      | Reached skill level 5 in Invocations
  5150 | D:8      | Reached *** piety under Sif Muna
  5311 | D:8      | Reached XP level 10. HP: 63/73 MP: 3/20
  5533 | D:8      | Reached skill level 5 in Fighting
  5533 | D:8      | Reached skill level 5 in Short Blades
  5533 | D:8      | Reached skill level 5 in Long Blades
  5533 | D:8      | Reached skill level 5 in Axes
  5533 | D:8      | Reached skill level 5 in Maces & Flails
  5533 | D:8      | Reached skill level 5 in Polearms
  5533 | D:8      | Reached skill level 5 in Staves
  5533 | D:8      | Reached skill level 5 in Slings
  5533 | D:8      | Reached skill level 5 in Bows
  5533 | D:8      | Reached skill level 5 in Crossbows
  5533 | D:8      | Reached skill level 5 in Throwing
  5533 | D:8      | Reached skill level 5 in Armour
  5533 | D:8      | Reached skill level 5 in Shields
  5533 | D:8      | Reached skill level 5 in Unarmed Combat
  5533 | D:8      | Reached skill level 5 in Evocations
  5722 | D:9      | Found the +18 shield of the Gong {rElec rN+ MR+ EV-5}
  5862 | D:9      | Found a staircase to the Orcish Mines.
  6012 | D:8      | Reached **** piety under Sif Muna
  6232 | D:9      | Noticed a two-headed ogre
  6245 | D:9      | Killed a two-headed ogre
  6414 | D:9      | Found a staircase to the Lair.
  6524 | D:9      | Reached XP level 11. HP: 66/81 MP: 22/22
  6741 | D:9      | Found a shadowy altar of Dithmenos.
  6778 | D:9      | Reached ***** piety under Sif Muna
  6804 | D:9      | Identified Goukuri's Tome of the Noxious Escort (Sif Muna
                  | gifted it to you on level 9 of the Dungeon)
  6804 | D:9      | Received a gift from Sif Muna
  6807 | D:9      | Identified the +0 leather armour of the Moneychanger {rC+}
  6953 | D:9      | Noticed a two-headed ogre
  6966 | D:9      | Killed a two-headed ogre
  7221 | D:9      | Noticed a manticore
  7223 | D:9      | Noticed a cyclops
  7225 | D:9      | Found a runed translucent door.
  7259 | D:9      | Killed an unseen horror
  7259 | D:9      | Reached skill level 5 in Hexes
  7259 | D:9      | Reached skill level 5 in Charms
  7259 | D:9      | Reached skill level 5 in Summonings
  7259 | D:9      | Reached skill level 5 in Necromancy
  7259 | D:9      | Reached skill level 5 in Translocations
  7259 | D:9      | Reached skill level 5 in Transmutations
  7259 | D:9      | Reached skill level 5 in Fire Magic
  7259 | D:9      | Reached skill level 5 in Ice Magic
  7259 | D:9      | Reached skill level 5 in Air Magic
  7259 | D:9      | Reached skill level 5 in Earth Magic
  7259 | D:9      | Reached skill level 5 in Poison Magic
  7259 | D:9      | Noticed a green ugly thing
  7424 | D:9      | Killed a green ugly thing
  7433 | D:8      | HP: 4/81 [poisoned by a green ugly thing]
  7644 | D:9      | Identified the ring "Ycokekk" {+Fly rC+ Int+3 Dex+3 Slay+3}
  7670 | D:9      | Identified the ring "Arimysun" {rF+ MP+9}
  7670 | D:9      | Noticed a skeletal warrior
  8024 | D:9      | Killed a skeletal warrior
  8081 | D:9      | Got a wavering copper amulet
  8084 | D:9      | Got a scintillating marble ring
  8157 | D:9      | Identified the amulet of Mejurhis {Inacc Dex+2} (You found
                  | it on level 9 of the Dungeon)
  8160 | D:9      | Identified the ring of the Philosopher {+Blink rN+} (You
                  | found it on level 9 of the Dungeon)
  8232 | D:9      | Killed a manticore
  8242 | D:9      | Killed a cyclops
  8329 | D:10     | Entered Level 10 of the Dungeon
  8339 | D:10     | Found Wuusch's Gadget Boutique.
  8360 | D:10     | Noticed Erica
  8411 | D:10     | Killed Erica
  8411 | D:10     | Noticed Sonja
  8421 | D:10     | Killed Sonja
  8436 | D:10     | Noticed Gastronok
  8689 | D:10     | Noticed Snorg
  8864 | D:10     | Found Utiggio's Gadget Emporium.
  8873 | D:10     | Bought a wand of clouds (6) for 330 gold pieces
  9034 | D:10     | Found Iczair's Jewellery Shop.
  9088 | D:10     | Identified Niwel's Papyrus of Battle Magic
  9225 | D:10     | Killed Gastronok
  9225 | D:10     | Reached XP level 12. HP: 60/89 MP: 2/24
  9277 | D:10     | Killed Snorg
  9330 | D:11     | Noticed a two-headed ogre
  9399 | D:11     | Found a shattered altar of Ashenzari.
  9480 | D:11     | Noticed a two-headed ogre
  9500 | D:11     | Killed a two-headed ogre
  9527 | D:11     | Identified Sif Muna's Grimoire of Shifting Good Luck (Sif
                  | Muna gifted it to you on level 11 of the Dungeon)
  9527 | D:11     | Received a gift from Sif Muna
  9622 | D:11     | Noticed a four-headed hydra
  9634 | D:11     | Killed a three-headed hydra
  9668 | D:11     | Learned a level 3 spell: Conjure Flame
  9673 | D:11     | Learned a level 4 spell: Sticky Flame
  9792 | D:11     | Killed a two-headed ogre
 10374 | D:12     | Reached XP level 13. HP: 98/98 MP: 19/26
 11396 | D:14     | Identified Nompyt's Incunabulum of Flying Curses (Sif Muna
                  | gifted it to you on level 14 of the Dungeon)
 11396 | D:14     | Received a gift from Sif Muna
 11402 | D:14     | Learned a level 3 spell: Mephitic Cloud
 11427 | D:14     | Found a sacrificial altar of Ru.
 11506 | D:14     | Noticed Jorgrun
 11922 | D:14     | Noticed an ironheart preserver
 11924 | D:14     | Killed by an exploding fulminant prism

Levels and vault maps discovered:
D:1:      sevenhm_arrival_forest_fort_small_5, layout_loops_ring, hex_large,
          patterned_corridor
D:2:      layout_basic, minivault_5, doesnt_xom_only_xom
D:3:      layout_basic, first_ration, gammafunk_ghost_arena, uniq_ijyb
D:4:      layout_rooms
D:5:      layout_gridville, temple_fountains, uniq_sigmund
D:6:      layout_cave_pools, old_standard_altar, amethyst_overflow_temple_binary
D:7:      layout_basic, serial_shops, shop_coins
D:8:      layout_cave_pods, blue_anna_alchemist [blue_anna_fruit_fields,
          blue_anna_fruit_fields], minmay_ruffians
D:9:      minmay_the_grid_triangle_9x9_rhombus_thin
          [minmay_the_grid_triangle_9x9_subtriangle,
          minmay_the_grid_triangle_9x9_prize_special,
          minmay_the_grid_triangle_9x9_alien,
          minmay_the_grid_triangle_9x9_sprig], layout_loops_ring,
          nicolae_dithmenos_shadow_blocks, erik_lair_island
D:10:     layout_long_grid, serial_shops, shop, nicolae_shop_trees,
          kennysheep_mini, shop, uniq_sonja, uniq_erica, uniq_snorg,
          uniq_gastronok
D:11:     layout_rooms, evilmike_ruin_ashenzari
D:12:     layout_loops_corners
D:13:     layout_loops_ring
D:14:     layout_gridville, skrybe_vaults_entry_preservation,
          nicolae_ru_sacrificial_ziggurat, uniq_jorgrun
Temple:   regret_index_temple_mists

Skill      XL: |  1  2  3  4  5  6  7  8  9 10 11 12 13 |
---------------+----------------------------------------+-----
Spellcasting   | 5 6 7 8 9 |  9.6
Invocations    | 1 2 3 4 5 6 7 8 9 |  9.0
Fighting       | 1 2 3 4 5 6 7 8 |  8.2
Short Blades   | 1 2 3 4 5 6 7 8 |  8.2
Long Blades    | 1 2 3 4 5 6 7 8 |  8.2
Axes           | 1 2 3 4 5 6 7 8 |  8.2
Maces & Flails | 1 2 3 4 5 6 7 8 |  8.2
Polearms       | 1 2 3 4 5 6 7 8 |  8.2
Staves         | 1 2 3 4 5 6 7 8 |  8.2
Slings         | 1 2 3 4 5 6 7 8 |  8.2
Bows           | 1 2 3 4 5 6 7 8 |  8.2
Crossbows      | 1 2 3 4 5 6 7 8 |  8.2
Throwing       | 1 2 3 4 5 6 7 8 |  8.2
Armour         | 1 2 3 4 5 6 7 8 |  8.2
Shields        | 1 2 3 4 5 6 7 8 |  8.2
Unarmed Combat | 1 2 3 4 5 6 7 8 |  8.2
Evocations     | 1 2 3 4 5 6 7 8 |  8.2
Hexes          | 1 2 3 4 5 6 |  6.8
Charms         | 1 2 3 4 5 6 |  6.8
Summonings     | 1 2 3 4 5 6 |  6.8
Necromancy     | 1 2 3 4 5 6 |  6.8
Translocations | 1 2 3 4 5 6 |  6.8
Transmutations | 1 2 3 4 5 6 |  6.8
Fire Magic     | 1 2 3 4 5 6 |  6.8
Ice Magic      | 1 2 3 4 5 6 |  6.8
Air Magic      | 1 2 3 4 5 6 |  6.8
Earth Magic    | 1 2 3 4 5 6 |  6.8
Poison Magic   | 1 2 3 4 5 6 |  6.8
Dodging        | 5 6 7 8 9 |  9.4
Stealth        | 5 6 7 8 9 |  9.2
Conjurations   | 8 9 |  9.9

Action                   |  1- 3 |  4- 6 |  7- 9 | 10-12 | 13-15 || total
-------------------------+-------+-------+-------+-------+-------++-------
Melee: Unarmed           |     6 |       |       |       |       ||     6
       Dagger            |    26 |    43 |   150 |   100 |    18 ||   337
       Bite              |     1 |     3 |    16 |    16 |    11 ||    47
       Punch             |       |     1 |       |       |       ||     1
       Flail             |       |       |    17 |    42 |       ||    59
       Trident           |       |       |       |    31 |       ||    31
       Hand crossbow     |       |       |       |     1 |     1 ||     2
       Scimitar          |       |       |       |    26 |    33 ||    59
       Staff             |       |       |       |       |     1 ||     1
 Fire: Hunting sling     |       |    10 |       |    19 |       ||    29
       Hand crossbow     |       |       |    36 |   301 |    44 ||   381
Throw: Dart              |       |     1 |     4 |     9 |    10 ||    24
       Boomerang         |       |       |       |     4 |     2 ||     6
 Cast: Magic Dart        |    37 |    83 |    55 |    32 |    10 ||   217
       Searing Ray       |     1 |     9 |    35 |    38 |       ||    83
       Iskenderun's Myst |       |     1 |    14 |    40 |    19 ||    74
       Dazzling Spray    |       |       |     1 |     3 |       ||     4
       Confusing Touch   |       |       |       |     7 |     5 ||    12
       Fulminant Prism   |       |       |       |    28 |    14 ||    42
       Force Lance       |       |       |       |     3 |     5 ||     8
       Conjure Flame     |       |       |       |     6 |     7 ||    13
       Sticky Flame      |       |       |       |     4 |     6 ||    10
Invok: Channel Magic     |       |       |       |     1 |       ||     1
Evoke: Wand              |       |       |    11 |     4 |     1 ||    16
  Use: Potion            |     3 |       |     2 |     3 |     1 ||     9
       Scroll            |       |     3 |     5 |    13 |     4 ||    25
 Stab: Sleeping          |     5 |     7 |     5 |     2 |       ||    19
       Distracted        |       |       |     1 |       |       ||     1
       Confused          |       |       |       |     8 |     6 ||    14
       Invisible         |       |       |       |     1 |       ||     1
  Eat: Chunk             |       |     6 |    10 |    16 |     4 ||    36
       Ration            |       |       |       |     2 |     1 ||     3
Armor: Ring mail         |     9 |    11 |    63 |    58 |    12 ||   153
       Leather armour    |       |     1 |       |       |       ||     1
Dodge: Dodged            |    20 |    41 |   142 |   168 |     8 ||   379
Block: Buckler           |       |       |    61 |    94 |       ||   155
       Shield            |       |       |       |    53 |    99 ||   152
       Rpst.: Scimitar   |       |       |       |       |     1 ||     1

Table legend:
 A = Non-vault XP
 B = Vault XP
 C = Vault XP percentage of total XP
 D = Non-vault monster count
 E = Vault monster count
 F = Vault count percentage of total count
                 A         B        C        D         E       F
            +---------+---------+-------+---------+---------+-------
      Total |   28985 |   13919 |  32.4 |     381 |      43 |  10.1
            +---------+---------+-------+---------+---------+-------
        D:1 |      52 |       0 |   0.0 |      30 |       0 |   0.0
        D:2 |     116 |       0 |   0.0 |      29 |       0 |   0.0
        D:3 |     206 |      38 |  15.6 |      28 |       1 |   3.4
        D:4 |     398 |       0 |   0.0 |      15 |       0 |   0.0
        D:5 |     357 |     220 |  38.1 |      12 |       1 |   7.7
        D:6 |     208 |       0 |   0.0 |      12 |       0 |   0.0
        D:7 |    1224 |       0 |   0.0 |      34 |       0 |   0.0
        D:8 |    2183 |    1130 |  34.1 |      58 |       7 |  10.8
        D:9 |    2955 |    6044 |  67.2 |      47 |      27 |  36.5
       D:10 |    1083 |    5146 |  82.6 |      21 |       4 |  16.0
       D:11 |    9007 |       0 |   0.0 |      41 |       0 |   0.0
       D:12 |    3690 |       0 |   0.0 |      17 |       0 |   0.0
       D:13 |    5245 |       0 |   0.0 |      25 |       0 |   0.0
       D:14 |    2261 |    1341 |  37.2 |      12 |       3 |  20.0
            +---------+---------+-------+---------+---------+-------
